 Dungeon Crawl Stone Soup version 0.24-a0-280-g7cec4da (webtiles) character file.

Game seed: 11839030903489413912

81873 MatthieuS the Thaumaturge (level 15, -3/94 HPs)
             Began as a Tengu Conjurer on May 1, 2019.
             Was a High Priest of Vehumet.
             Killed from afar by Josephine (25 damage)
             ... with a ghostly fireball
             ... on level 1 of the Snake Pit.
             The game lasted 01:44:52 (32619 turns).

MatthieuS the Thaumaturge (Tengu Conjurer)         Turns: 32619, Time: 01:44:52

Health: -3/94      AC: 12    Str:  6    XL:     15   Next: 71%
Magic:  39/42      EV: 19    Int: 26    God:    Vehumet [*****.]
Gold:   2021       SH:  4    Dex: 18    Spells: 2/40 levels left

rFire    + . .     SeeInvis +   i - +8 longbow "Zephyr" {speed, Dex+3 SInv}
rCold    + . .     Gourm    .   (shield currently unavailable)
rNeg     . . .     Faith    .   R - +0 troll leather armour
rPois    +         Spirit   .   n - +2 hat {MR+}
rElec    +         Reflect  +   s - +1 cloak
rCorr    .         Harm     .   Y - +0 pair of gloves of Elyvilon's Anger {rC+}
MR       ++...     Rnd*Tele +   (boots unavailable)
Stlth    ++........             H - +4 amulet of reflection
HPRegen  0.65/turn              j - +4 ring of intelligence
MPRegen  0.28/turn              E - ring of Hiuhioc {rElec rF+ MP+9 Str-2 Slay+3}

@: flying quickly and evasively, slowed, heavily drained, very slow
A: beak, talons 3, poison resistance, shaggy fur 1, teleportitis 1, able to fly
a: Stop Flying, Renounce Religion


You were on level 1 of the Snake Pit.
You worshipped Vehumet.
Vehumet was extremely pleased with you.
You were not hungry.

You visited 4 branches of the dungeon, and saw 23 of its levels.

You collected 2021 gold pieces.

Inventory:

Hand Weapons
 a - a +5 dagger of freezing
   (You took it off a kobold on level 2 of the Dungeon)
 i - the +8 longbow "Zephyr" (weapon) {speed, Dex+3 SInv}
   (You found it on level 11 of the Dungeon)

   Attacks with this weapon are significantly faster.
   It affects your dexterity (+3).
   It lets you see invisible.
Missiles
 I - 4 throwing nets {!f}
 L - 514 arrows (quivered)
Armour
 n - a +2 hat of magic resistance (worn)
   (You took it off Gastronok on level 3 of the Lair of Beasts)
 s - a +1 cloak (worn)
   (You found it on level 3 of the Dungeon)
 R - a +0 troll leather armour (worn)
   (You found it on level 11 of the Dungeon)
 V - a +0 buckler
   (You found it on level 13 of the Dungeon)
 Y - the +0 pair of gloves of Elyvilon's Anger (worn) {rC+}
   (You found it on level 14 of the Dungeon)

   It protects you from cold.
Magical Staves
 o - an uncursed staff of conjuration {!a}
   (You found it on level 12 of the Dungeon)
 v - an uncursed staff of power {!a}
   (You found it on level 2 of the Lair of Beasts)
Jewellery
 j - a +4 ring of intelligence (left hand)
   (You found it on level 4 of the Dungeon)
 z - an uncursed ring of see invisible
   (You took it off an orc warrior on level 9 of the Dungeon)
 C - an uncursed amulet of regeneration
   (You took it off a crimson imp on level 14 of the Dungeon)
 E - the ring of Hiuhioc (right hand) {rElec rF+ MP+9 Str-2 Slay+3}
   (You found it on level 6 of the Dungeon)

   [ring of magical power]

   It affects your strength (-2).
   It affects your accuracy and damage with ranged weapons and melee attacks
   (+3).
   It protects you from fire.
   It insulates you from electricity.
   It affects your magic capacity (+9).
 F - an uncursed ring of poison resistance
   (You found it on level 6 of the Dungeon)
 H - a +4 amulet of reflection (around neck)
   (You found it on level 8 of the Dungeon)
Wands
 c - a wand of disintegration (10)
   (You found it on level 8 of the Dungeon)
 d - a wand of iceblast (20)
   (You found it on level 11 of the Dungeon)
 r - a wand of scattershot (3)
   (You found it on level 5 of the Lair of Beasts)
 t - a wand of flame (68)
   (You took it off Natasha on level 4 of the Dungeon)
 u - a wand of paralysis (18)
   (You found it on level 11 of the Dungeon)
 w - a wand of enslavement (13)
   (You found it on level 1 of the Lair of Beasts)
 x - a wand of acid (4)
   (You found it on level 13 of the Dungeon)
Scrolls
 b - 2 scrolls of amnesia
 g - 10 scrolls of remove curse {@r2}
 k - 5 scrolls of teleportation {@r4}
 m - 7 scrolls of identify {@r1}
 p - 3 scrolls of fog
 B - a scroll of immolation {!r}
 K - a scroll of brand weapon
 Q - 3 scrolls of magic mapping
Potions
 f - 4 potions of magic
 h - 2 potions of agility
 l - 2 potions of heal wounds {@q2}
 q - a potion of berserk rage
 y - 6 potions of lignification {!q}
 D - 4 potions of curing {@q1}
 M - a potion of resistance
 N - 2 potions of brilliance
 S - a potion of cancellation
 T - 3 potions of invisibility
 U - a potion of ambrosia
Miscellaneous
 G - a lamp of fire
   (You found it on level 6 of the Lair of Beasts)
 O - a phantom mirror
Comestibles
 e - 32 rations


   Skills:
 + Level 11.0(9.5) Fighting
 * Level 6.3(5.0) Bows
 + Level 10.9(9.4) Armour
 - Level 7.8(6.5) Dodging
 - Level 2.0(0.8) Stealth
 + Level 13.2(11.7) Spellcasting
 - Level 12.1(10.5) Conjurations
 - Level 1.7(0.6) Charms
 - Level 4.5(3.3) Summonings
 + Level 8.6(7.2) Necromancy
 + Level 10.7(9.2) Fire Magic
 - Level 2.6(1.4) Earth Magic


You had 2 spell levels left.
You knew the following spells:

 Your Spells              Type           Power        Failure   Level  Hunger
a - Magic Dart            Conj           ####         1%          1    None
b - Searing Ray           Conj           ######       1%          2    None
c - Dazzling Spray        Conj/Hex       #####.       1%          3    None
d - Vampiric Draining     Necr           ######....   1%          3    None
e - Regeneration          Chrm/Necr      #####.....   3%          3    None
f - Force Lance           Conj/Tloc      #####...     1%          4    None
g - Borgnjor's Vile Clut  Necr/Erth      #####.....   26%         5    ###....
h - Apportation           Tloc           ###...       5%          1    None
i - Spellforged Servitor  Conj/Summ      ######....   54%         7    ######.
q - Sticky Flame          Conj/Fire      ######..     1%          4    None
x - Fireball              Conj/Fire      ######....   1%          5    ###....

Your spell library contained the following spells:

 Spells                   Type           Power        Failure   Level  Hunger
 Orb of Destruction       Conj           ######....   16%         7    ######.
 Animate Skeleton         Necr           N/A          1%          1    None
 Flame Tongue             Conj/Fire      #####        1%          1    None
 Pain                     Necr           ####         1%          1    None
 Summon Butterflies       Summ           ####....     1%          1    None
 Throw Flame              Conj/Fire      ######       1%          2    None
 Beastly Appendage        Tmut           ###...       5%          1    None
 Corona                   Hex            ###....      5%          1    None
 Ensorcelled Hibernation  Hex/Ice        ###...       9%          2    None
 Sticks to Snakes         Tmut           ###.....     9%          2    None
 Conjure Flame            Conj/Fire      ######..     1%          3    None
 Inner Flame              Hex/Fire       #####...     1%          3    None
 Fulminant Prism          Conj/Hex       #####.....   1%          4    None
 Iskenderun's Mystic Bla  Conj           ######..     1%          4    None
 Animate Dead             Necr           N/A          2%          4    None
 Confuse                  Hex            ###.....     16%         3    None
 Lesser Beckoning         Tloc           ###.......   16%         3    None
 Spider Form              Tmut/Pois      ###.......   16%         3    None
 Tukima's Dance           Hex            ###.....     16%         3    None
 Ice Form                 Ice/Tmut       ###.....     47%         4    None
 Alistair's Intoxication  Tmut/Pois      ###.....     83%         5    ###....
 Blade Hands              Tmut           ###.......   83%         5    ###....
 Silence                  Hex/Air        ###.......   83%         5    ###....
 Shadow Creatures         Summ           N/A          91%         6    #####..
 Darkness                 Hex            ###.......   100%        6    #####..
 Invisibility             Hex            ###.....     100%        6    #####..


Dungeon Overview and Level Annotations

Branches:
Dungeon (15/15)            Temple (1/1) D:7            Lair (6/6) D:9
 Shoals (0/4) Lair:4        Snake (1/4) Lair:3        Slime (0/5) Lair:6
    Orc (0/2) D:11         Vaults (0/5) D:14         Depths (0/5) D:15

Altars:
Ashenzari
Cheibriados
Dithmenos
Elyvilon
Gozag
Hepliaklqana
Kikubaaqudgha
Makhleb
Nemelex Xobeh
Okawaru
Qazlal
Ru
Sif Muna
Trog
Uskayaw
Vehumet
Wu Jian
Xom
Yredelemnul
Zin
The Shining One
Beogh
Jiyva

Shops:
D:4 %

Annotations:
D:6 1 runed translucent door, Crazy Yiuf
D:12 2 runed translucent doors
Lair:6 1 runed translucent door
Snake:1 Josephine


Innate Abilities, Weirdness & Mutations

You have a beak for a mouth.
You have claws for feet.
You can fly continuously.
Your system is resistant to poisons. (rPois)
You are covered in fur. (AC +1)
You are occasionally teleported next to monsters.


Message History

Firing (i - inventory. (/) - cycle)
L - 518 arrows (quivered)
Aim: Josephine, wielding a +0 dagger and wearing a +1 robe of magic resistance (lightly wounded, constricted by zombie hands)
You shoot an arrow. The arrow hits Josephine.
The zombie hands constrict Josephine!
A wraith comes into view.
Josephine barely misses you. The wraith closely misses you.
Firing (i - inventory. (/) - cycle)
L - 517 arrows (quivered)
Aim: Josephine, wielding a +0 dagger and wearing a +1 robe of magic resistance (moderately wounded, constricted by zombie hands)
You shoot an arrow. The arrow hits Josephine.
The zombie hands constrict Josephine!!
The zombie hands release their grip on Josephine.
The wraith closely misses you. Josephine misses you.
Firing (i - inventory. (/) - cycle)
L - 516 arrows (quivered)
Aim: Josephine, wielding a +0 dagger and wearing a +1 robe of magic resistance (severely wounded)
You shoot an arrow. The arrow hits Josephine.
The wraith misses you. x2
Josephine is infused with unholy energy.
Josephine draws life force from you and is healed!
A naga comes into view. It is wielding a -2 battleaxe.
You block the wraith's attack.
Josephine gestures at you while chanting.
The ghostly flame explodes!
The ghostly fireball engulfs you!!
You feel drained.
The ghostly fireball engulfs the wraith.
The wraith completely resists.
The ghostly fireball engulfs the wraith.
The wraith completely resists.
The ghostly fireball engulfs Josephine.
Josephine completely resists.
The wraith hits you but does no damage.
You hear an angry hiss. x2
Firing (i - inventory. (/) - cycle)
L - 515 arrows (quivered)
Aim: Josephine, wielding a +0 dagger and wearing a +1 robe of magic resistance (severely wounded)
You shoot an arrow.
The arrow hits Josephine but does no damage.
A shock serpent comes into view.
The wraith hits you!
* * * LOW HITPOINT WARNING * * *
The wraith drains your vigour!
You feel as though you will be slow longer.
The wraith hits you!
* * * LOW HITPOINT WARNING * * *
Josephine hits you with a +0 dagger!
* * * LOW HITPOINT WARNING * * *
The wraith hits you but does no damage. The wraith hits you.
* * * LOW HITPOINT WARNING * * *
The wraith hits you but does no damage. Josephine hits you but does no damage.
The wraith completely misses you. The wraith barely misses you.
Josephine gestures at you while chanting.
The ghostly flame explodes!
The ghostly fireball engulfs you!!
You feel drained.
You die...

.... >... ##
..N.. .#
..⌠S.###.##
..........# .
##...N...##...
##.....WW......
#......@WW.#
......##@..#
...## W..# .
...# ..## .##
#. .


You could see Josephine, a shock serpent (wandering), 5 wraiths and 2 nagas.

Vanquished Creatures
  Rupert (Lair:5)
  The ghost of Zyazas the Brawler, an adept TrFi of Okawaru (Lair:5)
  Gastronok (Lair:3)
  Nessos (D:14)
  The ghost of Deaparra the Severer, a journeyman DrBe of Trog (D:14)
  A fire dragon (D:15)
  An ice dragon (D:15)
  A rakshasa (D:13)
  7 hydras
  A vault guard (D:14)
  2 centaur warriors
  5 two-headed ogres
  A catoblepas (D:15)
  A deep elf knight (D:14)
  A spectral death yak (Lair:5)
  A shadow wraith (D:14)
  2 unseen horrors (D:12)
  2 wizards
  A lindwurm (Lair:6)
  2 ugly things (D:12)
  3 cyclopes
  3 deep elf magi
  4 oklob plants (Lair:6)
  A manticore (D:15)
  2 moths of wrath (Lair:5)
  13 elephants
  Joseph (D:7)
  6 black mambas
  A guardian serpent (shapeshifter) (D:15)
  A molten gargoyle (Lair:6)
  A merfolk siren (Lair:4)
  A gargoyle (D:14)
  8 spiny frogs
  4 torpor snails
  2 freezing wraiths (D:14)
  2 rime drakes
  4 trolls
  6 komodo dragons
  3 meliai (D:15)
  A merfolk (D:9)
  A troll (shapeshifter) (D:15)
  A meliai (shapeshifter) (D:15)
  A polar bear (Lair:1)
  2 dream sheep (Lair:6)
  A raiju (shapeshifter) (D:12)
  12 blink frogs
  15 hippogriffs
  5 slime creatures (D:12)
  9 tyrant leeches (Lair:5)
  2 nagas (Lair:3)
  4 shadows
  3 wraiths
  4 wyverns
  6 humans (D:9)
  40 yaks
  4 fire bats (D:11)
  A hog (shapeshifter) (D:15)
  A spectral komodo dragon (Lair:5)
  8 basilisks
  3 hungry ghosts
  2 steam dragons (Lair:6)
  6 vampire mosquitoes
  A soldier ant (D:13)
  6 swamp worms (Lair:5)
  An acid dragon (D:14)
  6 water moccasins
  5 hell hounds
  14 porcupines
  4 black bears
  5 sky beasts
  7 orc warriors
  4 eyes of draining
  A necrophage (D:12)
  4 ice beasts
  A phantom (D:13)
  2 black mamba simulacra (Lair:5)
  11 wolves
  13 centaurs
  4 ogres
  14 crocodiles
  A gnoll sergeant (D:7)
  20 bullfrogs
  A spiny frog simulacrum (Lair:5)
  A dream sheep simulacrum (Lair:5)
  7 scorpions
  9 killer bees
  5 wights (D:9)
  5 howler monkeys
  A torpor snail simulacrum (Lair:5)
  2 electric eels (Lair:1)
  10 crimson imps
  4 centaur zombies
  7 lava snakes
  A komodo dragon simulacrum (Lair:5)
  A wyvern simulacrum (D:14)
  2 quasits
  A bullfrog skeleton (D:9)
  3 hounds
  9 orc priests
  3 jellies
  18 orc wizards
  Ijyb (D:5)
  4 iguanas
  Natasha (thrice) (D:4)
  7 worker ants
  7 gnolls
  A howler monkey skeleton (D:7)
  12 adders
  A shadow imp (D:15)
  2 oozes
  An adder zombie (D:5)
  An adder skeleton (D:8)
  4 worms
  3 dart slugs
  5 leopard geckos
  47 orcs
  7 bats
  7 giant cockroaches
  5 goblins
  7 hobgoblins
  13 jackals
  12 kobolds
  3 quokkas
  A ball python (D:1)
  7 frilled lizards
  A leopard gecko skeleton (D:4)
  A quokka skeleton (D:5)
  11 rats
  3 fire vortices (D:11)
  2 fungi (Lair:5)
  2 plants
627 creatures vanquished.

Vanquished Creatures (collateral kills)
  A fire dragon (Lair:6)
  A rakshasa (D:14)
  A molten gargoyle (Lair:6)
  2 yaks (D:14)
  A basilisk (Lair:3)
  2 wolves (Lair:1)
8 creatures vanquished.

Vanquished Creatures (others)
  A cyclops (D:12)
  2 centaurs
  A bullfrog (Lair:3)
  An orc priest (D:11)
  8 fulminant prisms
  57 fungi
  52 plants
122 creatures vanquished.

Grand Total: 757 creatures vanquished

Notes
Turn   | Place    | Note
-------+----------+-------------------------------------------
     0 | D:1      | MatthieuS the Tengu Conjurer began the quest for the Orb.
     0 | D:1      | Reached XP level 1. HP: 10/10 MP: 4/4
   213 | D:1      | Reached XP level 2. HP: 16/16 MP: 3/6
   348 | D:1      | Learned a level 2 spell: Searing Ray
   824 | D:1      | Reached skill level 1 in Fighting
   892 | D:1      | Reached XP level 3. HP: 20/20 MP: 6/8
  1506 | D:2      | Found a stormy altar of Qazlal.
  1531 | D:2      | Reached skill level 3 in Spellcasting
  1649 | D:2      | Learned a level 3 spell: Dazzling Spray
  1655 | D:2      | Reached XP level 4. HP: 25/25 MP: 3/9
  1998 | D:2      | Found a burning altar of Makhleb.
  2555 | D:3      | Found an opulent altar of Gozag.
  2567 | D:3      | Found a shimmering altar of Xom.
  2567 | D:3      | Found a shadowy altar of Dithmenos.
  2569 | D:3      | Found a white marble altar of Elyvilon.
  2569 | D:3      | Found a radiant altar of Vehumet.
  2569 | D:3      | Found a bloodstained altar of Trog.
  2700 | D:3      | Gained mutation: You can fly continuously. [Tengu growth]
  2700 | D:3      | Reached XP level 5. HP: 30/30 MP: 4/11
  3028 | D:3      | Reached skill level 4 in Spellcasting
  3445 | D:4      | Found Wosmaur's Food Shoppe.
  3916 | D:4      | Noticed Natasha
  3922 | D:4      | Killed Natasha
  3922 | D:4      | Reached XP level 6. HP: 36/36 MP: 5/13
  3959 | D:4      | Noticed Natasha
  3963 | D:4      | Killed Natasha
  3968 | D:4      | Noticed Natasha
  3973 | D:4      | Killed Natasha
  4359 | D:5      | Entered Level 5 of the Dungeon
  4631 | D:5      | Reached skill level 5 in Spellcasting
  4631 | D:5      | Reached XP level 7. HP: 12/41 MP: 0/15
  5100 | D:5      | Learned a level 4 spell: Iskenderun's Mystic Blast
  5104 | D:5      | Learned a level 3 spell: Regeneration
  5199 | D:5      | Noticed Ijyb
  5221 | D:5      | Killed Ijyb
  5872 | D:5      | Reached skill level 1 in Necromancy
  6237 | D:6      | Reached skill level 1 in Charms
  6326 | D:6      | Reached XP level 8. HP: 48/48 MP: 6/17
  6516 | D:6      | Reached skill level 6 in Spellcasting
  6773 | D:6      | Found a runed translucent door.
  6774 | D:6      | Noticed Crazy Yiuf
  7113 | D:6      | Got a translucent iron ring
  7114 | D:6      | Identified the ring of Hiuhioc {rElec rF+ MP+9 Str-2
                  | Slay+3} (You found it on level 6 of the Dungeon)
  7701 | D:7      | Found a staircase to the Ecumenical Temple.
  7707 | Temple   | Entered the Ecumenical Temple
  7818 | Temple   | Became a worshipper of Vehumet
  7899 | D:7      | Noticed Joseph
  7911 | D:7      | Killed Joseph
  7911 | D:7      | Reached skill level 1 in Armour
  7987 | D:7      | Reached XP level 9. HP: 53/53 MP: 20/20
  8280 | D:7      | Reached skill level 7 in Spellcasting
  8286 | D:7      | Reached skill level 5 in Fighting
  9102 | D:8      | Noticed a two-headed ogre
  9109 | D:8      | Learned a level 4 spell: Force Lance
  9117 | D:8      | Killed a two-headed ogre
  9117 | D:8      | Reached * piety under Vehumet
  9117 | D:8      | Offered knowledge of Freeze by Vehumet.
  9536 | D:8      | Reached skill level 8 in Spellcasting
  9543 | D:8      | Reached skill level 5 in Necromancy
  9554 | D:8      | Reached XP level 10. HP: 55/60 MP: 17/23
 10663 | D:9      | Reached ** piety under Vehumet
 10663 | D:9      | Reached skill level 10 in Conjurations
 10678 | D:9      | Offered knowledge of Flame Tongue by Vehumet.
 10849 | D:9      | Reached skill level 5 in Armour
 10933 | D:9      | Reached skill level 9 in Spellcasting
 11229 | D:9      | Found a staircase to the Lair.
 11272 | D:9      | Offered knowledge of Static Discharge by Vehumet.
 11331 | D:9      | Learned a level 4 spell: Fulminant Prism
 11414 | D:9      | Reached XP level 11. HP: 56/66 MP: 19/25
 11996 | D:10     | Entered Level 10 of the Dungeon
 12864 | D:10     | Reached *** piety under Vehumet
 13051 | Lair:1   | Entered Level 1 of the Lair of Beasts
 13511 | Lair:1   | Reached skill level 10 in Spellcasting
 15161 | Lair:2   | Learned a level 4 spell: Sticky Flame
 15167 | Lair:2   | Learned a level 5 spell: Fireball
 15172 | Lair:2   | Learned a level 3 spell: Vampiric Draining
 15417 | Lair:2   | Reached skill level 1 in Fire Magic
 15500 | Lair:2   | Offered knowledge of Stone Arrow by Vehumet.
 15677 | Lair:2   | Learned a level 1 spell: Apportation
 16164 | Lair:3   | Reached XP level 12. HP: 71/73 MP: 27/27
 16347 | Lair:3   | Noticed Gastronok
 16370 | Lair:3   | Found a staircase to the Snake Pit.
 16388 | Lair:3   | Killed Gastronok
 16515 | Lair:3   | Noticed a five-headed hydra
 16522 | Lair:3   | Killed a five-headed hydra
 16828 | Lair:3   | Noticed a four-headed hydra
 16833 | Lair:3   | Killed a four-headed hydra
 16843 | Lair:3   | Got an ancient scimitar
 16848 | Lair:3   | Identified the +10 scimitar "Arbiter" {drain, rElec rF-
                  | Dex+2} (You found it on level 3 of the Lair of Beasts)
 17612 | Lair:3   | Reached skill level 5 in Dodging
 17850 | Lair:4   | Reached **** piety under Vehumet
 17850 | Lair:4   | Reached skill level 11 in Spellcasting
 17869 | Lair:4   | Reached skill level 5 in Fire Magic
 17882 | Lair:4   | Offered knowledge of Lee's Rapid Deconstruction by Vehumet.
 18151 | Lair:4   | Reached XP level 13. HP: 80/80 MP: 29/29
 19058 | Lair:4   | Found a staircase to the Shoals.
 19812 | Lair:5   | Found a runed translucent gate.
 19812 | Lair:5   | Found a runed translucent gate.
 19812 | Lair:5   | Found a runed translucent gate.
 19812 | Lair:5   | Noticed Zyazas's ghost (adept TrFi)
 20087 | Lair:5   | Killed Zyazas's ghost
 20844 | Lair:5   | Noticed Rupert
 20852 | Lair:5   | Killed Rupert
 20852 | Lair:5   | Reached skill level 12 in Spellcasting
 21065 | Lair:5   | Reached ***** piety under Vehumet
 21580 | Lair:6   | Entered Level 6 of the Lair of Beasts
 21583 | Lair:6   | Offered knowledge of Spellforged Servitor by Vehumet.
 21963 | Lair:6   | Reached XP level 14. HP: 62/87 MP: 31/31
 22692 | Lair:5   | Learned a level 7 spell: Spellforged Servitor
 22753 | Lair:6   | Reached skill level 1 in Summonings
 22905 | Lair:6   | Reached skill level 10 in Fighting
 23643 | Lair:6   | Found a runed translucent door.
 23645 | Lair:6   | Found a viscous altar of Jiyva.
 24503 | Lair:6   | Found a large runed translucent door.
 24503 | Lair:6   | Found a large runed translucent door.
 24513 | Lair:6   | Reached skill level 10 in Armour
 24712 | Lair:6   | Gained mutation: Your system is resistant to poisons.
                  | (rPois) [potion of mutation]
 24712 | Lair:6   | Gained mutation: You are occasionally teleported next to
                  | monsters. [potion of mutation]
 24712 | Lair:6   | Gained mutation: You are covered in fur. (AC +1) [potion of
                  | mutation]
 25051 | Lair:6   | Found a staircase to the Slime Pits.
 25249 | D:11     | Found a staircase to the Orcish Mines.
 25253 | D:11     | Offered knowledge of Iskenderun's Battlesphere by Vehumet.
 25291 | D:11     | Found a roughly hewn altar of Beogh.
 25444 | D:11     | Found the +8 longbow "Zephyr" {speed, Dex+3 SInv}
 26895 | D:11     | Reached skill level 1 in Bows
 27561 | D:12     | Found a large runed translucent door.
 27562 | D:12     | Found a large runed translucent door.
 27648 | D:12     | Found a large runed translucent door.
 27648 | D:12     | Found a large runed translucent door.
 27807 | D:12     | Learned a level 5 spell: Borgnjor's Vile Clutch
 27840 | D:12     | Reached skill level 10 in Fire Magic
 28847 | D:13     | Reached skill level 1 in Earth Magic
 29134 | D:13     | Reached XP level 15. HP: 92/92 MP: 32/32
 29486 | D:13     | Reached skill level 13 in Spellcasting
 30281 | D:14     | Found a runed translucent gate.
 30281 | D:14     | Found a runed translucent gate.
 30282 | D:14     | Found a runed translucent gate.
 30284 | D:14     | Noticed Deaparra's ghost (journeyman DrBe)
 30305 | D:14     | Noticed Nessos
 30309 | D:14     | Offered knowledge of Orb of Destruction by Vehumet.
 30321 | D:14     | Killed Deaparra's ghost
 30329 | D:14     | Killed Nessos
 30436 | D:14     | Got a pair of spiked gloves
 30453 | D:14     | Identified the cursed +0 pair of gloves of Elyvilon's Anger
                  | {rC+} (You found it on level 14 of the Dungeon)
 30550 | D:14     | Reached skill level 5 in Bows
 30591 | D:14     | Found a gate to the Vaults.
 30603 | D:14     | Got a crude ring mail
 30644 | D:14     | Identified the cursed +0 ring mail "Cuiloesa" {rF+ Str+3}
                  | (You found it on level 14 of the Dungeon)
 30803 | D:15     | Entered Level 15 of the Dungeon
 31068 | D:15     | Found an opulent altar of Gozag.
 31797 | D:15     | Found a staircase to the Depths.
 32613 | Snake:1  | Entered Level 1 of the Snake Pit
 32613 | Snake:1  | Noticed Josephine
 32619 | Snake:1  | Killed from afar by Josephine

Levels and vault maps discovered:
D:1:      psy_arrival_statuary, layout_loops_ring
D:2:      layout_basic, lemuel_crystal_altar, nicolae_qazlal_general_emergency
D:3:      layout_loops_ring, doesnt_xom_only_xom
D:4:      layout_basic, first_ration, serial_shops, shop_fountains,
          kennysheep_generic_room_9, uniq_natasha
D:5:      minmay_opposing_rooms, layout_gridville, hangedman_decor_lopped,
          corexii_corridor_pit, uniq_ijyb
D:6:      layout_basic, uniq_crazy_yiuf_cottage
D:7:      layout_loops_ring, minmay_temple_entry_fiery, uniq_joseph
D:8:      layout_loops_corners
D:9:      layout_loops_ring, due_lair_maze_entry_diamond, hangedman_fish_farm,
          minmay_misc_feat_diagonals, minmay_ruffians
D:10:     layout_stronghold
D:11:     layout_irregular_city, minmay_orc_entry_temple_small,
          gauntlet_entry_generic, hangedman_incinerator
D:12:     layout_loops_ring, minmay_hollow_rounded_squares
D:13:     layout_basic, item_on_display_a
D:14:     layout_gridville, david_vaults_5, gammafunk_ghost_spectres,
          minivault_27, uniq_nessos
D:15:     grunt_enter_depths_hoard, layout_stronghold, minmay_strange_pillars,
          nicolae_gozag_cash_rules_everything_around_me
Temple:   regret_index_temple_sigil_plot
Lair:1:   layout_gridlike, gammafunk_lair_bear_cave, grunt_megastairs_4,
          infiniplex_staircase_pool, lemuel_fruit_fields
Lair:2:   layout_long_grid, grunt_megastairs_3
Lair:3:   layout_regular_city, minmay_snake_entry_guardpost_small,
          enter_volcano_2, uniq_gastronok
Lair:4:   layout_regular_city, minmay_shoals_entry_lonely_mermaid,
          lemuel_fruit_fields
Lair:5:   layout_cave_pods, gammafunk_ghost_necromancy, worms_lemuel,
          uniq_rupert
Lair:6:   cheibrodos_lair_end_hotspot, layout_regular_city, slime_altar_2,
          minmay_lair_oklob_chamber
Snake:1:  cheibrodos_forgotten_conduit, layout_chambers, basic_altar,
          grunt_ministairs_2, uniq_josephine

Skill      XL: |  1  2  3  4  5  6  7  8  9 10 11 12 13 14 15 |
---------------+----------------------------------------------+-----
Fighting       | 1 2 3 4 5 6 8 9 10 11 | 11.0
Spellcasting   | 3 4 5 6 8 9 10 11 12 13 | 13.2
Conjurations   | 6 7 8 9 10 11 12 | 12.1
Necromancy     | 1 3 5 6 7 8 |  8.6
Charms         | 1 |  1.7
Armour         | 2 4 5 7 8 9 10 | 10.9
Fire Magic     | 2 5 8 10 | 10.7
Dodging        | 3 5 7 |  7.8
Summonings     | 4 |  4.5
Bows           | 3 6 |  6.3
Earth Magic    | 1 2 |  2.6
Stealth        | |  2.0

Action                   |  1- 3 |  4- 6 |  7- 9 | 10-12 | 13-15 || total
-------------------------+-------+-------+-------+-------+-------++-------
Melee: Unarmed           |     3 |       |       |       |       ||     3
       Kick              |     1 |     2 |    19 |    14 |       ||    36
       Dagger            |     1 |     7 |     2 |    47 |       ||    57
       Peck              |       |     1 |    10 |     7 |       ||    18
       Spear             |       |       |    70 |    13 |       ||    83
       Staff             |       |       |       |       |     1 ||     1
 Fire: Longbow           |       |       |       |       |   602 ||   602
Throw: Javelin           |       |       |     1 |       |       ||     1
 Cast: Magic Dart        |    79 |   136 |    70 |   219 |    56 ||   560
       Searing Ray       |     1 |     9 |    24 |    35 |    10 ||    79
       Iskenderun's Myst |       |       |    13 |    55 |       ||    68
       Dazzling Spray    |       |       |     6 |    26 |    30 ||    62
       Force Lance       |       |       |     2 |    13 |    33 ||    48
       Fulminant Prism   |       |       |       |     7 |     1 ||     8
       Fireball          |       |       |       |    68 |   242 ||   310
       Sticky Flame      |       |       |       |    31 |    58 ||    89
       Regeneration      |       |       |       |     6 |     1 ||     7
       Vampiric Draining |       |       |       |     1 |     5 ||     6
       Apportation       |       |       |       |     1 |       ||     1
       Spellforged Servi |       |       |       |       |     4 ||     4
       Borgnjor's Vile C |       |       |       |       |    12 ||    12
 Abil: Fly               |       |       |       |       |     1 ||     1
Evoke: Wand              |       |       |     8 |    11 |       ||    19
  Use: Scroll            |       |     6 |     3 |    15 |    10 ||    34
       Potion            |       |     1 |     4 |    12 |     9 ||    26
 Stab: Paralysed         |       |       |    13 |     2 |       ||    15
       Sleeping          |       |       |     2 |       |       ||     2
       Invisible         |       |       |     2 |     5 |       ||     7
  Eat: Chunk             |     3 |     9 |     4 |    12 |    43 ||    71
       Ration            |       |       |     4 |     8 |     9 ||    21
Armor: Robe              |     3 |     2 |     2 |       |       ||     7
       Leather armour    |       |       |    34 |    79 |    33 ||   146
       Troll leather arm |       |       |       |       |    79 ||    79
       Skin              |       |       |       |       |     8 ||     8
Dodge: Dodged            |    19 |    29 |    96 |   196 |   354 ||   694
Block: Other             |       |       |     5 |    64 |    71 ||   140
       Reflection        |       |       |       |     2 |     9 ||    11

Table legend:
 A = Non-vault XP
 B = Vault XP
 C = Vault XP percentage of total XP
 D = Non-vault monster count
 E = Vault monster count
 F = Vault count percentage of total count
                 A         B        C        D         E       F
            +---------+---------+-------+---------+---------+-------
      Total |   73346 |   43616 |  37.3 |     475 |     156 |  24.7
            +---------+---------+-------+---------+---------+-------
        D:1 |      43 |       0 |   0.0 |      29 |       0 |   0.0
        D:2 |      78 |       0 |   0.0 |      26 |       0 |   0.0
        D:3 |     143 |       0 |   0.0 |      27 |       0 |   0.0
        D:4 |     156 |      49 |  23.9 |      12 |       3 |  20.0
        D:5 |     270 |     186 |  40.8 |      12 |       6 |  33.3
        D:6 |     900 |       0 |   0.0 |      24 |       0 |   0.0
        D:7 |     605 |     460 |  43.2 |      14 |       1 |   6.7
        D:8 |    2138 |       0 |   0.0 |      24 |       0 |   0.0
        D:9 |    2485 |    2793 |  52.9 |      39 |      18 |  31.6
       D:10 |     657 |       0 |   0.0 |       9 |       0 |   0.0
       D:11 |    2905 |    1330 |  31.4 |      31 |      18 |  36.7
       D:12 |    6497 |    3072 |  32.1 |      22 |      10 |  31.2
       D:13 |    4679 |       0 |   0.0 |      21 |       0 |   0.0
       D:14 |    6285 |    7470 |  54.3 |      25 |      17 |  40.5
       D:15 |   11280 |    2165 |  16.1 |      37 |       2 |   5.1
     Lair:1 |    2533 |    1093 |  30.1 |      12 |       9 |  42.9
     Lair:2 |    3352 |     403 |  10.7 |      16 |       3 |  15.8
     Lair:3 |    7988 |    1438 |  15.3 |      25 |       3 |  10.7
     Lair:4 |    7107 |     427 |   5.7 |      27 |       1 |   3.6
     Lair:5 |    3046 |   12044 |  79.8 |      11 |      29 |  72.5
     Lair:6 |   10199 |   10686 |  51.2 |      32 |      36 |  52.9
            +---------+---------+-------+---------+---------+-------
